 Dungeon Crawl Stone Soup version 0.25.0-1-g7eea58d2a3 (webtiles) character file.

Game seed: 3699000936379971327

660 nikku the Magician (level 7, -2/40 HPs)
             Began as a Deep Elf Conjurer on June 13, 2020.
             Was an Initiate of Vehumet.
             Slain by an orc warrior
             ... wielding a +0 long sword
              (19 damage)
             ... on level 4 of the Dungeon.
             The game lasted 00:09:50 (4552 turns).

nikku the Magician (Deep Elf Conjurer)              Turns: 4552, Time: 00:09:50

Health: -2/40      AC:  6    Str:  5    XL:     7   Next: 30%
Magic:  1/17       EV: 10    Int: 22    God:    Vehumet [......]
Gold:   248        SH:  8    Dex: 15    Spells: 6/17 levels left

rFire    . . .     SeeInvis .   p - staff of wizardry
rCold    . . .     Gourm    .   s - +0 kite shield
rNeg     . . .     Faith    .   n - +2 robe {MR+}
rPois    .         Spirit   .   l - +1 helmet
rElec    .         Reflect  .   (no cloak)
rCorr    .         Harm     .   (no gloves)
MR       +....                  (no boots)
Stlth    ++........             (no amulet)
HPRegen  0.13/turn              q - +4 ring of slaying
MPRegen  0.15/turn              (no ring)

@: no status effects
A: no striking features
a: Renounce Religion


You were on level 4 of the Dungeon.
You worshipped Vehumet.
Vehumet was noncommittal.
You were not hungry.

You visited 1 branch of the dungeon, and saw 5 of its levels.

You collected 248 gold pieces.

Inventory:

Missiles
 t - 15 poisoned darts (quivered)
Armour
 f - a +0 buckler
 l - a +1 helmet (worn)
 n - a +2 robe of magic resistance (worn)
 s - a +0 kite shield (worn)
Magical Staves
 p - an uncursed staff of wizardry (weapon)
Jewellery
 q - a +4 ring of slaying (left hand)
Scrolls
 b - 3 scrolls of amnesia
 d - a scroll of teleportation
 h - a scroll of magic mapping
 r - 2 scrolls of remove curse
Potions
 a - a potion of curing {unknown}
 e - 2 potions of haste
 g - a potion of lignification {unknown}
 k - 3 potions of flight {unknown}
 m - a potion of berserk rage {unknown}
 o - a potion of degeneration {unknown}
Comestibles
 c - 8 rations


   Skills:
 + Level 2.8 Fighting
 - Level 2.4 Dodging
 - Level 3.5 Stealth
 * Level 3.2 Shields
 + Level 5.6 Spellcasting
 - Level 5.0 Conjurations
 + Level 2.5 Hexes
 + Level 2.0 Translocations


You had 6 spell levels left.
You knew the following spells:

 Your Spells              Type           Power        Failure   Level  Hunger
a - Magic Dart            Conj           ####         2%          1    None
b - Fulminant Prism       Conj/Hex       ###.......   32%         4    ####...
c - Searing Ray           Conj           ####..       3%          2    None
d - Iskenderun's Mystic   Conj/Tloc      ###.....     36%         4    ####...

Your spell library contained the following spells:

 Spells                   Type           Power        Failure   Level  Hunger
 Dazzling Flash           Conj/Hex       ###...       11%         3    ##.....


Dungeon Overview and Level Annotations

Branches:
Dungeon (5/15)
 Temple: D:4-7

Altars:
Dithmenos
Elyvilon
Fedhas
Makhleb
Nemelex Xobeh
Ru
Sif Muna
Vehumet
The Shining One


Message History

The orc warrior hits you with a +0 long sword!
The searing ray hits the orc warrior but does no damage.
The orc warrior is heavily wounded.
You finish channeling your searing ray.
You block the orc warrior's attack.
Casting: Searing Ray (safe; 3% risk of failure)
Confirm with . or Enter, or press ? or * to list all spells.
The spell is extremely dangerous to cast (32% risk of failure)!
Continue anyway?
Okay, then.
Casting: Fulminant Prism (extremely dangerous; 32% risk of failure)
Confirm with . or Enter, or press ? or * to list all spells.
Aiming: Searing Ray (safe; 3% risk of failure)
Press: ? - help, Shift-Dir - straight line, f/p - orc warrior
Aim: an orc warrior, wielding a +0 long sword and wearing a +0 plate armour (heavily wounded)
The searing ray hits the orc warrior.
The orc warrior is heavily wounded. (Press . to maintain the ray.)
The searing ray hits the orc warrior but does no damage.
The orc warrior is heavily wounded.
The orc warrior hits you with a +0 long sword!!
You die...

#.#............#
#.#............############
#.#.......................#
#.#.......................#
#.#.......................#
####.#....รท..................#
.....##########..............#
###############..o...........#
................@###'#########
[........#####...# #.#
.........# #...# #.#
.........### #...# #.#
...........###...# #.#
...........'.....# #.#
...........###..## #.#
###'####...# #..# #.# .....#
#...# #..# #.#


You could see an orc warrior.

Vanquished Creatures
  Sigmund (D:3)
  An ogre (D:4)
  A phantom (D:4)
  A scorpion (D:4)
  An orc priest (D:4)
  Natasha (thrice) (D:4)
  A worker ant (D:4)
  5 adders
  An adder skeleton (D:4)
  An adder zombie (D:5)
  4 worms
  3 dart slugs
  2 leopard geckos
  8 orcs
  6 giant cockroaches
  6 goblins
  3 hobgoblins
  4 jackals (D:2)
  6 kobolds
  3 quokkas
  6 bats
  5 frilled lizards
  8 rats
80 creatures vanquished.

Notes
Turn   | Place    | Note
-------+----------+-------------------------------------------
     0 | D:1      | nikku the Deep Elf Conjurer began the quest for the Orb.
     0 | D:1      | Reached XP level 1. HP: 10/10 MP: 6/6
   203 | D:1      | Reached XP level 2. HP: 16/16 MP: 5/8
   868 | D:1      | Learned a level 1 spell: Magic Dart
   871 | D:1      | Learned a level 2 spell: Searing Ray
   921 | D:2      | Reached skill level 1 in Fighting
   921 | D:2      | Reached XP level 3. HP: 20/20 MP: 3/10
  1226 | D:2      | Reached skill level 5 in Conjurations
  1327 | D:2      | Found a shimmering blue altar of Sif Muna.
  1687 | D:2      | Reached XP level 4. HP: 25/25 MP: 10/12
  1724 | D:2      | Found a sacrificial altar of Ru.
  1952 | D:3      | Found a faded altar of an unknown god.
  2158 | D:3      | Noticed Sigmund
  2167 | D:3      | Killed Sigmund
  2167 | D:3      | Reached XP level 5. HP: 30/30 MP: 3/14
  2173 | D:3      | Learned a level 4 spell: Fulminant Prism
  2178 | D:3      | Learned a level 4 spell: Iskenderun's Mystic Blast
  2265 | D:3      | Found a radiant altar of Vehumet.
  2266 | D:3      | Found a blossoming altar of Fedhas.
  2266 | D:3      | Found a shadowy altar of Dithmenos.
  2268 | D:3      | Found a burning altar of Makhleb.
  2270 | D:3      | Found a white marble altar of Elyvilon.
  2270 | D:3      | Found a sparkling altar of Nemelex Xobeh.
  2271 | D:3      | Found a glowing golden altar of the Shining One.
  2279 | D:3      | Became a worshipper of Vehumet
  2829 | D:4      | Noticed Natasha
  2834 | D:4      | Killed Natasha
  2834 | D:4      | Reached skill level 5 in Spellcasting
  2834 | D:4      | Reached XP level 6. HP: 35/35 MP: 9/15
  2860 | D:4      | Noticed Natasha
  2864 | D:4      | Killed Natasha
  3004 | D:4      | Reached skill level 1 in Hexes
  3004 | D:4      | Reached skill level 1 in Translocations
  3189 | D:4      | Noticed Natasha
  3196 | D:4      | Killed Natasha
  3553 | D:4      | Reached XP level 7. HP: 40/40 MP: 14/17
  4487 | D:5      | Entered Level 5 of the Dungeon
  4552 | D:4      | Slain by an orc warrior

Illustrated notes

Levels and vault maps discovered:
D:1:      mrwooster_arrival_statue_2, layout_loops_ring,
          minmay_misc_feat_diagonals, minmay_misc_feat_room
D:2:      layout_loops_cross, lemuel_crystal_altar, st_stairs_4, minivault_26,
          nicolae_ru_path_of_blood
D:3:      layout_loops_ring, grunt_temple_overflow_open,
          chequers_ecumenical_altar_island, minmay_misc_feat_doors, uniq_sigmund
D:4:      layout_basic, uniq_natasha
D:5:      layout_basic, first_ration, uniq_crazy_yiuf_cottage, uniq_duvessa,
          uniq_eustachio

Skill      XL: |  1  2  3  4  5  6  7 |
---------------+----------------------+-----
Fighting       | 1 2 |  2.8
Spellcasting   | 4 5 |  5.6
Conjurations   | 5 |  5.0
Stealth        | 3 |  3.5
Shields        | 2 3 |  3.2
Hexes          | 1 2 |  2.5
Translocations | 1 2 |  2.0
Dodging        | |  2.4

Action                   |  1- 3 |  4- 6 |  7- 9 || total
-------------------------+-------+-------+-------++-------
 Cast: Magic Dart        |    76 |    84 |    17 ||   177
       Searing Ray       |     1 |     6 |     7 ||    14
  Use: Scroll            |     2 |     6 |       ||     8
  Eat: Chunk             |     2 |     6 |     3 ||    11
Armor: Robe              |     2 |     1 |     6 ||     9
Dodge: Dodged            |     3 |    10 |     7 ||    20
Block: Buckler           |     2 |     1 |     1 ||     4
       Kite shield       |       |       |     3 ||     3
